 Dungeon Crawl Stone Soup version 0.28.0-43-g3370ac3207 (webtiles) character file.

Game seed: 17900449751877516918

2630 zeratav the Insei (level 9, -8/58 HPs)
             Began as an Octopode Transmuter on Apr 1, 2022.
             Was an Initiate of Ashenzari.
             Mangled by a tengu warrior
             ... wielding a +1 long sword of flaming
              (19 damage)
             ... on level 7 of the Dungeon on Apr 2, 2022.
             The game lasted 00:34:17 (11860 turns).

zeratav the Insei (Octopode Transmuter)            Turns: 11860, Time: 00:34:18

Health: -8/58      AC:  2    Str: 10    XL:     9   Next: 61%
Magic:  14/15      EV: 22    Int: 19    God:    Ashenzari [......]
Gold:   398        SH:  5    Dex: 19    Spells: 10/17 levels left

rFire   . . .      SeeInvis .     - Unarmed
rCold   . . .      Faith    .   (shield currently unavailable)
rNeg    . . .      Spirit   .   (helmet currently unavailable)
rPois   x          Reflect  +   v - amulet of reflection
rElec   .          Harm     .   e - ring of wizardry
rCorr   .          Rampage  .   k - ring of willpower
Will    +....                   (no ring)
Stlth   ++........              (no ring)
HPRegen 0.19/turn               (no ring)
MPRegen 0.14/turn               (no ring)
                                (no ring)
                                (no ring)

@: spider-form
A: venomous fangs, almost no armour, (amphibious), 8 rings, tiny, (camouflage
1), (gelatinous body 1), (nimble swimmer 1), (tentacles), agile 1
a: End Transformation, Renounce Religion


You were on level 7 of the Dungeon.
You worshipped Ashenzari.
Ashenzari was noncommittal.
You were a venomous arachnid creature.
You visited 2 branches of the dungeon, and saw 9 of its levels.
You also visited: Sewer.

You collected 398 gold pieces.

Inventory:

Hand Weapons
 f - the +12 flail of Toum Niwui {vorpal, Dex+3}
   (You found it on level 2 of the Dungeon)

   It inflicts extra damage upon your enemies.
   Dex:       It affects your dexterity (+3).
 r - a +0 hand crossbow (melded)
 A - the +11 mace of the Dungeon {vorpal, rElec rN+ Str+3}
   (You found it on level 5 of the Dungeon)

   It inflicts extra damage upon your enemies.
   Str:       It affects your strength (+3).
   rElec:     It insulates you from electricity.
   rN:        It protects you from negative energy.
Missiles
 b - 100 stones (quivered)
 p - 6 poisoned darts
 s - 23 bolts
 B - 69 sling bullets
Jewellery
 e - a ring of wizardry (left front leg)
 k - a ring of willpower (right front leg)
 v - an amulet of reflection (around neck)
 y - a ring of willpower
Wands
 x - a wand of mindburst (3)
 z - a wand of iceblast (13)
Scrolls
 d - 2 scrolls of blinking
 g - a scroll of fear
 h - a scroll of immolation
 n - 2 scrolls of teleportation
 o - 3 scrolls of amnesia
 w - a scroll of identify
Potions
 a - 2 potions of lignification
 c - a potion of flight
 j - a potion of heal wounds
 l - a potion of curing
 m - 4 potions of brilliance
 q - 3 potions of resistance
 t - a potion of ambrosia
 u - 3 potions of might


   Skills:
 + Level 4.3 Fighting
 + Level 4.3 Dodging
 - Level 1.1 Stealth
 - Level 0.8 Shields
 + Level 7.7 Unarmed Combat
 + Level 4.5 Spellcasting
 + Level 5.0 Transmutations
 * Level 2.4 Ice Magic
 + Level 5.6 Poison Magic


You had 10 spell levels left.
You knew the following spells:

 Your Spells              Type           Power      Damage    Failure   Level
b - Spider Form           Tmut/Pois      24%        N/A       5%          3
c - Ice Form              Ice/Tmut       18%        N/A       22%         4

Your spell library contained the following spells:

 Spells                   Type           Power      Damage    Failure   Level
 Beastly Appendage        Tmut           46%        N/A       2%          1
 Wereblood                Tmut           23%        N/A       4%          2
 Ensorcelled Hibernation  Hex/Ice        16%        N/A       12%         2
 Olgreb's Toxic Radiance  Pois           25%        N/A       12%         4
 Gell's Gravitas          Tloc           4%         N/A       28%         3
 Teleport Other           Tloc           4%         N/A       28%         3
 Anguish                  Hex/Necr       2%         N/A       61%         4
 Dispersal                Tloc           2%         N/A       100%        6
 Ozocubu's Refrigeration  Ice            6%         4d6       100%        7
 Ignition                 Fire           2%         3d3       100%        8


Dungeon Overview and Level Annotations

Branches:
Dungeon (8/15)             Temple (1/1) D:7           Sewer (visited)
   Lair: D:8-11

Altars:
Ashenzari
Cheibriados
Dithmenos
Elyvilon
Fedhas
Hepliaklqana
Kikubaaqudgha
Makhleb
Okawaru
Ru
Sif Muna
Trog
Uskayaw
Xom
Zin

Shops:
D:2 (


Innate Abilities, Weirdness & Mutations

You are a venomous arachnid creature.
You have poisonous fangs.
You are tiny and dextrous.
Your spellcasting is less reliable in this form.
Your armour is entirely melded.
You are incapable of wielding weapons or throwing items.
You cannot wear most types of armour.
((You are amphibious.))
You can wear up to eight rings at the same time.
((Your skin changes colour to match your surroundings (Stealth+).))
((Your rubbery body absorbs attacks. (AC +1, EV +1)))
((You are camouflaged when in or above water. (Stealth+)))
((You have tentacles for arms and can constrict up to eight enemies at once.))
You are agile. (Dex +2)


Message History

The tengu warrior hits you with a +1 long sword of flaming.
The tengu warrior burns you.
The tengu warrior pecks you but does no damage.
The tengu warrior claws you.
You bite the tengu warrior!
The tengu warrior is poisoned.
The tengu warrior is lightly wounded.
The tengu warrior completely misses you. x2
The tengu warrior claws you.
You bite the tengu warrior!
The tengu warrior looks as sick as possible!
The tengu warrior is moderately wounded.
The tengu warrior completely misses you.
The tengu warrior misses you. The tengu warrior claws you.
The tengu warrior blocks your attack.
The tengu warrior is moderately wounded.
The tengu warrior hits you with a +1 long sword of flaming!
The tengu warrior burns you. You block the tengu warrior's attack.
The tengu warrior completely misses you.
There is a stone staircase leading up here.
The tengu warrior completely misses you.
The tengu warrior pecks you. The tengu warrior closely misses you.
You climb upwards.
There is a stone staircase leading down here.
The tengu warrior blocks your attack.
The tengu warrior is heavily wounded.
The tengu warrior misses you.
The tengu warrior pecks you but does no damage.
The tengu warrior barely misses you. The tengu warrior blocks your attack.
The tengu warrior is heavily wounded.
The tengu warrior hits you with a +1 long sword of flaming!
* * * LOW HITPOINT WARNING * * *
The tengu warrior burns you.
* * * LOW HITPOINT WARNING * * *
You block the tengu warrior's attack. The tengu warrior barely misses you.
You hit the tengu warrior but do no damage.
The tengu warrior looks as sick as possible!
The tengu warrior is heavily wounded.
The tengu warrior hits you with a +1 long sword of flaming!!
You die...

.........#####.#.####.#
#....#... ##########
#.#)####.########.##
#.#...........# #.# #
#.#...........# #.# #
#..........[..###.# #
##..####'###....).#
#..# #.....######
##Q###########
#s....).....#
###########'######
#......... #....(..).
#......... #.........
###'###### #.# # ###..
#


You could see a tengu warrior (extremely poisoned).

Vanquished Creatures
  2 steam dragons (D:6)
  2 water moccasins (D:7)
  A black bear (D:5)
  An ice beast (D:6)
  A sky beast (D:6)
  An orc warrior (D:7)
  A necrophage (D:6)
  A centaur (D:5)
  An ogre (D:5)
  A phantom (D:7)
  A kobold brigand (D:7)
  A bullfrog (D:6)
  A water moccasin zombie (D:6)
  5 wights
  5 killer bees (D:7)
  A centaur zombie (D:7)
  A bullfrog zombie (D:5)
  2 bullfrog skeletons
  3 jellies
  A centaur skeleton (D:4)
  Crazy Yiuf (D:5)
  Natasha (thrice) (D:3)
  4 iguanas
  Ijyb (D:5)
  3 orc wizards
  2 killer bee zombies (D:6)
  7 gnolls
  7 adders
  4 river rats (Sewer)
  3 ufetubi
  3 dart slugs
  16 orcs
  6 bats
  2 endoplasms
  6 giant cockroaches
  6 goblins
  3 hobgoblins
  5 quokkas
  6 ball pythons
  11 frilled lizards
  13 kobolds
  24 rats
169 creatures vanquished.

Vanquished Creatures (others)
  An orc (D:7)
  2 goblins (D:7)
  A fungus (D:1)
4 creatures vanquished.

Grand Total: 173 creatures vanquished

Notes
Turn   | Place    | Note
-------+----------+-------------------------------------------
     0 | D:1      | zeratav the Octopode Transmuter began the quest for the
                  | Orb.
     0 | D:1      | Reached XP level 1. HP: 13/13 MP: 3/3
   144 | D:1      | Reached XP level 2. HP: 18/18 MP: 3/5
   177 | D:1      | Found a faded altar of an unknown god.
   951 | D:2      | Found Ceukoann's Antique Weapon Shop.
   978 | D:2      | Identified the +12 flail of Toum Niwui {vorpal, Dex+3}
  1008 | D:2      | Reached XP level 3. HP: 21/24 MP: 6/6
  1204 | D:2      | Reached XP level 4. HP: 25/29 MP: 7/7
  1350 | D:2      | Reached skill level 1 in Stealth
  2193 | D:3      | Noticed Natasha
  2200 | D:3      | Killed Natasha
  2220 | D:3      | Reached skill level 1 in Poison Magic
  2359 | D:3      | Reached XP level 5. HP: 32/35 MP: 8/8
  2478 | D:3      | Noticed Natasha
  2484 | D:3      | Killed Natasha
  2908 | D:3      | Noticed Natasha
  2912 | D:3      | Killed Natasha
  3107 | D:4      | Reached XP level 6. HP: 37/42 MP: 10/10
  3331 | D:4      | Reached skill level 4 in Unarmed Combat
  3458 | D:4      | Found a glowing drain.
  3504 | Sewer    | Entered a sewer
  4321 | D:4      | Learned a level 3 spell: Spider Form
  4477 | D:5      | Entered Level 5 of the Dungeon
  4494 | D:5      | Noticed a black bear
  4504 | D:5      | Killed a black bear
  4505 | D:5      | Reached XP level 7. HP: 37/46 MP: 8/11
  4932 | D:5      | Noticed Ijyb
  4940 | D:5      | Killed Ijyb
  5032 | D:5      | Learned a level 4 spell: Ice Form
  5654 | D:5      | Identified the +11 mace of the Dungeon {vorpal, rElec rN+
                  | Str+3}
  5665 | D:5      | Found a runed translucent door.
  5666 | D:5      | Noticed Crazy Yiuf
  5671 | D:5      | Killed Crazy Yiuf
  5818 | D:6      | Reached skill level 5 in Unarmed Combat
  5818 | D:6      | Reached XP level 8. HP: 46/54 MP: 10/12
  6234 | D:5      | Gained mutation: You are weak. (Str -2) [potion of
                  | mutation]
  6234 | D:5      | Lost mutation: You are weak. (Str -2) [potion of mutation]
  6234 | D:5      | Gained mutation: You are agile. (Dex +2) [potion of
                  | mutation]
  6411 | D:6      | Reached skill level 6 in Unarmed Combat
  6735 | D:5      | HP: 1/51 [wight/+1 great sword (20)]
  7269 | D:6      | Reached skill level 7 in Unarmed Combat
  7323 | D:6      | Reached XP level 9. HP: 54/58 MP: 10/15
  7425 | D:6      | Found a bloodstained altar of Trog.
  7664 | D:7      | Found a flagged portal.
  8445 | D:7      | Reached skill level 5 in Poison Magic
  9325 | D:7      | Reached skill level 1 in Ice Magic
 10053 | D:7      | Reached skill level 5 in Transmutations
 10640 | D:7      | Found a staircase to the Ecumenical Temple.
 10646 | Temple   | Entered the Ecumenical Temple
 10882 | Temple   | Became a worshipper of Ashenzari the Shackled
 11840 | D:8      | Noticed a tengu warrior
 11860 | D:7      | Mangled by a tengu warrior

Illustrated notes

Levels and vault maps discovered:
D:1:      ncdulo_halloftheorcs, layout_loops_ring,
          dreamdust_ecumenical_altar_grove, minmay_rat_gold_closets
D:2:      layout_basic, serial_shops, nicolae_shop_crystal, roderic_lattice_a,
          kennysheep_nub
D:3:      layout_basic, uniq_natasha
D:4:      layout_rooms, portal_sewer_entry_f
D:5:      layout_basic, uniq_crazy_yiuf_cottage, uniq_ijyb
D:6:      layout_rooms, lemuel_crystal_altar
D:7:      layout_basic, temple_statues, enter_bailey_4, centaur_isle
D:8:      layout_basic, nemelex_altar_shiori, hellmonk_guarded_unrand_lears,
          uniq_joseph, uniq_psyche, uniq_grum
Temple:   mainiacjoe_temple_big_plus

Skill      XL: |  1  2  3  4  5  6  7  8  9 |
---------------+----------------------------+-----
Stealth        | 1 |  1.1
Fighting       | 2 3 4 |  4.3
Poison Magic   | 1 2 3 4 5 |  5.6
Transmutations | 3 4 5 |  5.0
Unarmed Combat | 4 5 7 |  7.7
Spellcasting   | 3 4 |  4.5
Dodging        | 3 4 |  4.3
Ice Magic      | 2 |  2.4
Shields        | |  0.8

Action                   |  1- 3 |  4- 6 |  7- 9 || total
-------------------------+-------+-------+-------++-------
Melee: Unarmed           |    38 |     6 |   260 ||   304
       Constrict         |    18 |    22 |     3 ||    43
       Kick              |    10 |       |       ||    10
       Tentacles         |     9 |    17 |     2 ||    28
       Flail             |     9 |   111 |     3 ||   123
       Punch             |       |     4 |       ||     4
       Mace              |       |       |     4 ||     4
 Fire: Hand crossbow     |       |       |     4 ||     4
Throw: Stone             |     7 |     3 |       ||    10
 Cast: Beastly Appendage |    15 |       |       ||    15
       Spider Form       |       |     1 |    44 ||    45
 Abil: End Transformatio |       |       |     2 ||     2
Evoke: Wand              |       |       |     1 ||     1
  Use: Scroll            |       |       |    21 ||    21
       Potion            |       |       |     3 ||     3
 Stab: Sleeping          |     9 |    20 |     1 ||    30
       Distracted        |       |       |     1 ||     1
Armor: Skin              |     6 |     4 |    15 ||    25
Dodge: Dodged            |    28 |    76 |   276 ||   380
Block: Other             |       |       |    70 ||    70
       Reflection        |       |       |     4 ||     4
